[Event "Canarian Championship Seniors 2022"]
[Site "Brena Baja La Palma"]
[Date "2022.06.02"]
[Round "3.2"]
[White "Gasco Navarro, Enrique"]
[Black "Martin Luis, Cesar"]
[Result "0-1"]
[ECO "A85"]
[WhiteElo "1240"]
[BlackElo "2049"]
[Annotator "TA"]
[PlyCount "44"]
[EventDate "2022.06.01"]
[EventType "swiss"]
[EventCountry "ESP"]
[SourceTitle "playchess.com"]
[Source "ChessBase"]
[SourceQuality "1"]
[TimeControl "5400+30"]

1. d4 f5 2. c4 Nf6 3. Nc3 g6 4. Bg5 Bg7 5. Nf3 d6 6. e3 c6 {[%emt 0:01:12] A85: Dutch Defence: 2 c4 Nf6 3 Nc3.} 7. Bd3 O-O 8. O-O Qc7 {[%emt 0:02:37] The position is equal.} 9. h3 e5 {[%emt 0:00:55] [#]} 10. dxe5 $146 (10. c5 $14 e4 11. cxd6 Qxd6 12. Bc4+ Kh8 13. Ne5) ({Predecessor:} 10. c5 e4 11. cxd6 Qxd6 12. Bc4+ Kh8 13. Ne5 Be6 14. Bf4 Qe7 15. Qb3 Bxc4 16. Nxc4 {1-0 (35) Sunye Neto,J (2530)-Resende,A (2350) Campinas 1994}) 10... dxe5 $11 11. Bc2 Na6 12. a3 (12. Bh4 $11) 12... Be6 (12... Nh5 $5 13. Bh4 h6 $15) 13. Qe2 h6 14. Bh4 Nh5 15. Nh2 {[%emt 0:04:14] [#]} (15. Rad1 $11) 15... Qf7 $1 $17 {[%emt 0:00:42] Hoping for ...g5.} 16. f4 {[%emt 0:04:20] Against g5. This move loses the game for White.} (16. f3 $17 {keeps fighting.}) 16... Bxc4 17. Bd3 Bxd3 18. Qxd3 e4 19. Qe2 Nc5 20. g4 Nf6 21. g5 Nd5 22. Nxd5 cxd5 {[%emt 0:00:50] Weighted Error Value: White=0.49/Black=0.10 (very precise)} ({Stronger than} 22... Qxd5 23. gxh6 Bxh6 24. Be7 $17) 0-1

[Event "Canarian Championship Seniors 2022"]
[Site "Brena Baja La Palma"]
[Date "2022.06.02"]
[Round "3.3"]
[White "Machin Arbelo, Pedro Alexis"]
[Black "Iglesias Dominguez, Jacinto"]
[Result "1-0"]
[ECO "B30"]
[WhiteElo "1975"]
[BlackElo "1382"]
[Annotator "TA"]
[PlyCount "82"]
[EventDate "2022.06.01"]
[EventType "swiss"]
[EventCountry "ESP"]
[SourceTitle "playchess.com"]
[Source "ChessBase"]
[SourceQuality "1"]
[TimeControl "5400+30"]

1. e4 c5 2. Nf3 Nc6 3. c3 e6 4. Bb5 a6 5. Ba4 b5 6. Bc2 {[%emt 0:00:10] B30: Sicilian: 2...Nc6 3 Bb5, lines without ...g6.} d6 7. d4 cxd4 8. cxd4 {[%emt 0:01:24] White has an edge.} d5 9. O-O {[%emt 0:02:19] [#]} Bb7 $146 (9... dxe4 $11 10. Bxe4 Bb7) ({Predecessor:} 9... Nf6 10. Bg5 Be7 11. e5 Nd7 12. Bxe7 Nxe7 13. Nbd2 Ng6 14. a3 Bb7 15. Qe2 Nb6 {½-½ (53) Beauregard,P (1401)-Belanger,C (1331) Sherbrooke 2007}) 10. exd5 $1 $16 Qxd5 11. Nc3 Qd8 (11... Qd6 $16) 12. d5 $18 exd5 13. Nxd5 (13. Re1+ $18 Be7 14. Nxd5) 13... Nce7 $16 14. Nc3 {[%emt 0:06:06] White is much more active.} Qxd1 15. Bxd1 O-O-O (15... Ng6 $16) 16. Ne5 $18 Nh6 17. Bxh6 gxh6 18. Bf3 $2 (18. Nxf7 Rg8 19. g3 (19. Nxd8 Bxg2 20. Ne2 Bh3+ 21. Ng3 Bxf1 $14) 19... Rd4) ({White should try} 18. Bb3 $18) 18... Bxf3 $11 19. Nxf3 Rg8 20. Rac1 Kb7 21. Rfd1 Bg7 22. Re1 Nc6 23. Kf1 Rd7 24. b3 Rgd8 25. Ne4 {[%emt 0:01:54] Strongly threatening Nc5+.} Rd5 26. Nc5+ (26. a4 $11 {remains equal.}) 26... Kb6 $1 $17 27. Nxa6 {[%emt 0:00:42][%cal Oc1c6] And now Rxc6+! would win.} Kb7 {[%emt 0:01:23][%mdl 8192] [#] Black cannot hold the game after this.} (27... Bf8 $1 $17 {Hoping for ...Ra8.} 28. b4 Ra8) 28. Rxc6 $1 $18 Kxc6 29. Nb4+ {[%emt 0:00:04] Pair of Knights!} Kc5 30. Nxd5 Rxd5 {[%emt 0:00:14][%mdl 4096] Endgame KRB-KRN} 31. Re7 Rd1+ (31... Rf5 {keeps fighting.} 32. h3 Bf8) 32. Ke2 Ra1 33. Rxf7 Rxa2+ {[%emt 0:00:03] [#]} 34. Kd3 $1 Ba1 35. Nd2 ({Resist} 35. Rxh7 $6 Rxf2 36. Rxh6 Rxg2 $14) 35... Ra8 36. Rxh7 Rg8 (36... Rd8+ $142 37. Kc2 Rg8) 37. g3 ({But not} 37. Rxh6 $6 Rxg2 38. Ne4+ Kb4 $18) 37... Bg7 38. f4 Rd8+ 39. Kc2 Rd7 40. f5 {[%emt 0:00:26] Black must now prevent f6.} Kc6 41. f6 Bxf6 {[%emt 0:00:01] Weighted Error Value: White=0.21 (precise) /Black=0.34} (41... Bf8 $142) 1-0

[Event "Canarian Championship Seniors 2022"]
[Site "Brena Baja La Palma"]
[Date "2022.06.02"]
[Round "3.4"]
[White "Camino Carrio, Nicanor"]
[Black "Gonzalez Ortega, Jose Miguel"]
[Result "0-1"]
[ECO "C41"]
[WhiteElo "1945"]
[BlackElo "1726"]
[Annotator "TA"]
[PlyCount "128"]
[EventDate "2022.06.01"]
[EventType "swiss"]
[EventCountry "ESP"]
[SourceTitle "playchess.com"]
[Source "ChessBase"]
[SourceQuality "1"]
[TimeControl "5400+30"]

1. e4 d6 2. d4 e5 3. Nf3 exd4 4. Nxd4 Nf6 5. Nc3 Be7 6. Bc4 O-O 7. O-O a6 8. a4 c5 (8... Nxe4 $5 9. Nxe4 d5 $11) 9. Nb3 {[%emt 0:01:43] [#] C41: Philidor Defence.} Re8 $146 ({Predecessor:} 9... Nc6 10. f4 Be6 11. Bxe6 fxe6 12. Qf3 Nd4 13. Nxd4 cxd4 14. Ne2 e5 15. f5 d5 16. exd5 Nxd5 {1-0 (46) Villagomez Martinez,H (1289)-Loor Paredes,S (1225) Chess.com INT 2020}) 10. h3 Nc6 11. Bf4 {[%emt 0:02:29] White has an edge.} Bf8 12. Re1 Be6 13. Bf1 Bxb3 14. cxb3 Nd4 15. Bc4 h6 ({Better is} 15... b5 $11 16. axb5 axb5 17. Rxa8 (17. Nxb5 $2 Rxa1 18. Qxa1 Nc2 $19) 17... Qxa8 18. Bxb5 (18. Nxb5 Nxb5 19. Bxb5 Rxe4 $11) 18... Nxb5 19. Nxb5 Rxe4 20. Rxe4 (20. Bxd6 Qd5 $11) 20... Nxe4) 16. Qd3 Qc7 17. Bh2 Rab8 18. Nd5 Nxd5 19. Bxd5 b5 (19... Nc6 $11 {remains equal.}) 20. axb5 axb5 21. Bf4 (21. b4 $16) 21... g5 (21... Nc6 $11 {keeps the balance.}) 22. Bg3 {[%emt 0:01:09] A strong pair of Bishops.} Bg7 23. Ra2 Be5 24. Bxe5 dxe5 25. Rea1 Re7 26. Ra6 Rb6 27. Kh2 (27. h4 $16) 27... Qd6 28. Ra7 Kg7 29. Qd1 Qf6 {[%emt 0:01:30] White must now prevent ...Rxa7.} 30. Kg1 Ne6 31. Bxe6 Qxe6 32. Qc2 Rxa7 33. Rxa7 $11 {[%emt 0:00:08][%mdl 4096] Endgame KQR-KQR} Qd6 34. Qc3 Qd4 35. Rc7 Ra6 36. Qxc5 Ra1+ 37. Kh2 Qxe4 38. Qe3 {[%emt 0:10:40] White is now going downhill.} (38. Rc8) (38. Rc8 $11 {and White stays safe.}) 38... Qxe3 $19 39. fxe3 {[%emt 0:00:07] KR-KR} Re1 40. Rc5 Rxe3 (40... Kf6 41. Rxb5 Rxe3 42. Rb6+ Kg7) 41. Rxb5 h5 42. Kg1 $2 (42. g4 {is a better defense.}) 42... Kf6 43. Kf2 Rd3 44. Ke2 $2 {[%emt 0:00:36] [#]} (44. b4 {was necessary.}) 44... Rg3 $1 45. Kf2 {[%emt 0:00:10] [#]} h4 46. Rb7 Ke6 47. Rb4 $2 (47. b4 Rb3 48. Kf1) 47... f6 48. Rb6+ Kf5 49. Kf1 e4 {[%emt 0:00:54] And now ...Ke5 would win.} 50. Kf2 Ke5 51. b4 f5 {[%emt 0:00:08] aiming for ...Rb3.} 52. Rg6 Kf4 {[%emt 0:00:15] ...Rb3 is the strong threat.} 53. b5 Rb3 54. b6 Rxb2+ 55. Kg1 e3 {[%emt 0:00:10] ( -> ...Rb1+)} 56. Re6 Rb1+ 57. Kh2 Rb2 (57... g4 58. hxg4 fxg4 59. g3+ hxg3+ 60. Kg2 Rb2+ 61. Kg1 g2 62. b7 Rxb7 63. Kxg2 Rb2+ 64. Kf1 g3 65. Ra6 g2+ 66. Kg1 e2 67. Ra1 Ke3 68. Ra3+ Kd2 69. Kh2 e1=Q 70. Kxg2 Ke2 71. Ra4 Qf2+ 72. Kh3 Rb3+ 73. Kg4 Rg3+ 74. Kh5 Qf5+ 75. Kh6 Qg6#) 58. Kg1 Rb3 (58... g4 $142 59. hxg4 Rb1+ 60. Kh2 fxg4 61. g3+ hxg3+ 62. Kg2 Rb2+ 63. Kg1 g2 64. b7 Rxb7 65. Kxg2 Rb2+ 66. Kf1 g3 67. Rf6+ Kg5 68. Rf8 Rf2+ 69. Rxf2 exf2 70. Ke2 Kf4 71. Kf1 Ke3 72. Kg2 Ke2 73. Kxg3 f1=Q 74. Kg4 Qf6 75. Kh5 Qg7 76. Kh4 Qg6 77. Kh3 Kf3 78. Kh4 Qh6#) 59. Kh2 g4 {[%emt 0:00:30] Black mates.} 60. hxg4 fxg4 61. Rf6+ Ke5 62. Rh6 e2 63. Rh8 Rxb6 64. Re8+ Re6 {[%emt 0:00:10] Weighted Error Value: White=0.86/Black=0.33} 0-1

[Event "Canarian Championship Seniors 2022"]
[Site "Brena Baja La Palma"]
[Date "2022.06.03"]
[Round "4.1"]
[White "Martin Luis, Cesar"]
[Black "Martin Rodriguez, Jose Carlos"]
[Result "1/2-1/2"]
[ECO "E97"]
[WhiteElo "2049"]
[BlackElo "1703"]
[Annotator "TA"]
[PlyCount "46"]
[EventDate "2022.06.01"]
[EventType "swiss"]
[EventCountry "ESP"]
[SourceTitle "playchess.com"]
[Source "ChessBase"]
[SourceQuality "1"]
[TimeControl "5400+30"]

1. d4 Nf6 2. c4 d6 3. Nc3 g6 4. Nf3 Bg7 5. e4 O-O 6. Be2 Nc6 7. Be3 Bg4 (7... Ng4) 8. O-O Bxf3 9. Bxf3 e5 10. d5 Ne7 11. c5 Ne8 {[%emt 0:00:39] E97: King's Indian: Classical Main Line (6...e5 7 0-0 Nc6): 8 Be3 and 8 d5 Ne7, not 9 Ne1.} 12. cxd6 {[%emt 0:13:06] White is more active.} (12. Qb3) 12... Nxd6 13. Be2 {[%emt 0:00:24] [#]} a6 $146 {[%emt 0:00:40] White is slightly better.} ({Predecessor:} 13... f5 14. f3 Kh8 15. Qc2 Rf7 16. Rac1 Nec8 17. Nb5 Nxb5 18. Bxb5 Nd6 19. Bd3 Qh4 {1-0 (47) Komnenic,B (2238)-Stojanovic,I (2234) Serbia 2006}) 14. Rc1 f5 15. f3 Qd7 16. Qc2 b6 17. a4 Rfc8 18. Rfd1 Kh8 19. b3 (19. Bd3 $142) 19... Ng8 $16 20. Bd3 Nf6 21. Qe2 a5 22. h3 Nh5 (22... Bf8 $142) 23. Ba6 (23. Nb5 $142) 23... Rf8 {[%emt 0:00:10] Weighted Error Value: White=0.16 (very precise) /Black=0.17 (very precise)} 1/2-1/2

[Event "Canarian Championship Seniors 2022"]
[Site "Brena Baja La Palma"]
[Date "2022.06.03"]
[Round "4.2"]
[White "Perez Aleman, Pedro Tomas"]
[Black "Gonzalez Ortega, Jose Miguel"]
[Result "0-1"]
[ECO "A33"]
[WhiteElo "2047"]
[BlackElo "1726"]
[Annotator "TA"]
[PlyCount "124"]
[EventDate "2022.06.01"]
[EventType "swiss"]
[EventCountry "ESP"]
[SourceTitle "playchess.com"]
[Source "ChessBase"]
[SourceQuality "1"]
[TimeControl "5400+30"]

1. Nf3 Nf6 2. c4 c5 3. d4 cxd4 4. Nxd4 Nc6 5. Nc3 e6 6. Ndb5 d6 7. Bf4 e5 8. Bg5 a6 9. Bxf6 gxf6 10. Na3 Be6 {[%emt 0:00:29] A33: Symmetrical English: 2 Nf3 Nf6 3 d4 cxd4 4 Nxd4 e6 5 Nc3 Nc6.} 11. g3 h5 12. h4 f5 {[%emt 0:00:43] The position is equal.} 13. e3 {[%emt 0:04:26] [#]} Bg7 $146 ({Predecessor:} 13... Qb6 14. Qc2 O-O-O 15. Bh3 Bh6 16. Bxf5 Bxe3 17. Bxe6+ fxe6 18. fxe3 Qxe3+ 19. Qe2 Qxg3+ 20. Qf2 Qd3 {1-0 (66) Vivas Zamora,F (2344)-Nazaretyan,T (2316) Chess.com INT 2021}) 14. Be2 e4 (14... f4) (14... f4 $142) 15. Nc2 Ke7 ({Better is} 15... Rc8 $11) 16. O-O Bxc3 17. bxc3 Ne5 18. Rb1 Qc7 19. Nb4 (19. Nd4 $16) 19... Rab8 (19... Bxc4 $2 20. Bxc4 Qxc4 21. Nd5+ Ke6 22. Nf4+ Kd7 23. Rxb7+ (23. Rb6 Rh6 $16) 23... Kc8 24. Rb4 $18) ({Less strong is} 19... Nxc4 20. Nd5+ Bxd5 21. Qxd5 $16) (19... Qa5 $11 {keeps the balance.}) 20. Nd5+ $16 Bxd5 21. Qxd5 Qc6 22. Qd4 Qc5 23. Rb6 Nd7 24. Rb2 Qe5 25. Rd1 Nc5 26. Rbd2 Rbd8 27. Qxe5+ (27. Kg2 {is interesting.} Qe6 28. Rb2 Rh6 29. Qd2) 27... dxe5 28. Rxd8 Rxd8 29. Rxd8 Kxd8 30. Bxh5 {[%emt 0:00:02][%mdl 4096] Endgame KB-KN} Ke7 31. Bd1 {[%emt 0:02:16] Against Na4} Nd3 32. Kg2 b6 33. f3 exf3+ 34. Kxf3 e4+ 35. Kg2 Ne5 36. Be2 a5 $1 37. Kf2 Kf6 38. Ke1 Ke6 39. Kd2 f6 40. Kc2 Kd6 (40... Ng4 $14) 41. Kb3 Nf7 42. Bf1 Nh6 43. Be2 (43. c5+ $16 Kxc5 44. Be2) 43... Kc6 (43... Nf7 $1 $11) 44. Bh5 Kd6 45. Be8 ({White should play} 45. c5+ $16 Kxc5 46. Bg6) 45... Ng4 $11 46. h5 Kc5 (46... Nxe3 $2 47. h6 Ke7 48. h7 Kxe8 49. h8=Q+ $18) (46... Ke7 $1 $11 47. Bb5 Nxe3) 47. Bd7 $16 Nh6 48. Be6 Kd6 49. Bd5 Kc5 50. Ka4 Ng4 51. Bf7 Nh6 (51... Nxe3 $2 52. h6 Kd6 53. h7 $18) 52. Be6 Kd6 53. Kb5 $2 {[%emt 0:00:17][%mdl 8192] White does not recover from this.} Kxe6 $19 54. Kxb6 {[%emt 0:00:01] [#] Hoping for c5. KN-KP} Ng4 55. c5 Nxe3 56. h6 Kf7 {[%emt 0:00:42] And now ...Nd5+ would win.} 57. c6 Nd5+ 58. Kc5 Ne7 {[%emt 0:04:54] [#] Strongly threatening ...e3.} 59. h7 Kg7 {[%emt 0:00:21] ( -> ...e3)} 60. c7 e3 {[%emt 0:00:36] Black mates.} 61. Kd6 Nc8+ 62. Kd7 Na7 {[%emt 0:01:01] Weighted Error Value: White=0.70/Black=0.20 (precise)} 0-1

[Event "Canarian Championship Seniors 2022"]
[Site "Brena Baja La Palma"]
[Date "2022.06.03"]
[Round "4.3"]
[White "Gutierrez Perez, Jose"]
[Black "Machin Arbelo, Pedro Alexis"]
[Result "1-0"]
[ECO "E38"]
[WhiteElo "1918"]
[BlackElo "1975"]
[Annotator "TA"]
[PlyCount "79"]
[EventDate "2022.06.01"]
[EventType "swiss"]
[EventCountry "ESP"]
[SourceTitle "playchess.com"]
[Source "ChessBase"]
[SourceQuality "1"]
[TimeControl "5400+30"]

1. d4 {[%emt 0:00:30] ChessBase II} Nf6 2. c4 e6 3. Nc3 Bb4 4. Qc2 d5 5. e3 O-O 6. Nf3 c5 {[%emt 0:01:58] 6...c5 is better than 6...b6.} 7. a3 cxd4 {[%emt 0:00:51] E38: Nimzo-Indian: Classical: 4...c5.} (7... Bxc3+ $5 8. Qxc3 cxd4 9. exd4 dxc4 $11) 8. axb4 dxc3 9. bxc3 dxc4 {[%emt 0:02:32] The position is equal.} 10. Bxc4 Qc7 11. Be2 Nd5 12. Bb2 {[%emt 0:04:25] [#] Black must now prevent c4.} Nxb4 $146 ({Predecessor:} 12... Nd7 13. Rc1 a6 14. Ng5 N5f6 15. O-O h6 16. Ne4 b6 17. Bf3 Bb7 18. Nxf6+ Nxf6 19. Bxb7 Qxb7 {½-½ (19) Janssen,L-Haensel,I Annaberg-Buchholz 1965 EXT 2004 [ChessBase II]}) 13. Qb3 N4c6 14. O-O Nd7 15. c4 {[%emt 0:05:03][%cal Oc4c5][%mdl 1024] White has compensation.} (15. Ba3 $5 ) 15... b6 16. Rfd1 Nc5 17. Qc3 $40 {[%emt 0:01:09][%csl Gb2][%cal Rc3g7][%mdl 128] [#] Black needs to defend precisely.} f6 18. Nd4 Nxd4 (18... Bb7 $11) 19. exd4 $14 Nd7 20. Rac1 {[%emt 0:04:56] White is more active.} Bb7 21. Qh3 f5 22. d5 Nc5 23. Qe3 exd5 (23... Rad8 $11) 24. cxd5 {[%emt 0:00:10] Threatens to win with d6.} Rae8 (24... Rad8 $14) 25. Qd2 (25. d6 $16 Rxe3 26. Bc4+ (26. dxc7 $2 {loses.} Rxe2 27. Ba3 Rc8 $19) 26... Qf7 27. Bxf7+ Rxf7 28. fxe3) 25... Qd6 $11 26. Bf3 Re7 {[%emt 0:02:00] And now ...Nb3 would win.} 27. Ba3 Rc8 28. Qg5 Rf7 29. h4 Qf6 30. Qf4 Rd7 31. h5 g5 (31... h6 $11 {should be considered.}) 32. hxg6 hxg6 33. g4 ({Better is} 33. Bxc5 $14 bxc5 34. Qa4) 33... Rf7 ({Black should try} 33... Qd6 $11 34. Qxd6 Rxd6) 34. g5 $14 Qd8 35. Bb2 Ne4 $2 {[%emt 0:00:44][%mdl 8192] Black cannot hold the game after this.} (35... Rh7 $14) 36. Bxe4 $18 {[%emt 0:02:48] This bishop pair is nice.} Rxc1 37. Rxc1 fxe4 38. Qe5 {[%emt 0:00:19][%csl Gb2][%cal Re5h8] White mates.} Rh7 {[%emt 0:00:46] [#]} 39. Rc7 $3 Qxd5 (39... Rxc7 40. Qh8+) 40. Qe8# {[%emt 0:00:30] Weighted Error Value: White=0.14 (very precise) /Black=0.40} 1-0

[Event "Canarian Championship Seniors 2022"]
[Site "Brena Baja La Palma"]
[Date "2022.06.03"]
[Round "4.4"]
[White "Haertl, Siegfried"]
[Black "Gasco Navarro, Enrique"]
[Result "1-0"]
[ECO "E12"]
[WhiteElo "1932"]
[BlackElo "1240"]
[Annotator "TA"]
[PlyCount "39"]
[EventDate "2022.06.01"]
[EventType "swiss"]
[EventCountry "ESP"]
[SourceTitle "playchess.com"]
[Source "ChessBase"]
[SourceQuality "1"]
[TimeControl "5400+30"]

1. d4 Nf6 2. Nf3 e6 3. c4 b6 4. Nc3 Bb7 5. Qc2 Nc6 {[%emt 0:01:28] [#]} (5... Bb4) (5... Bb4 $11) 6. e4 $1 $16 {[%emt 0:00:39][%cal Be2e4,Be4e5][%mdl 32] [#] E12: Queen's Indian: Unusual White 4th moves, 4 a3, 4 Nc3 Bb7 5 a3 and 4 Nc3 Bb7 .} Be7 $146 (6... d6) ({Predecessor:} 6... Nb4 7. Qb1 d5 8. cxd5 exd5 9. e5 Ne4 10. a3 Nxc3 11. bxc3 Nc6 12. Bd3 h6 13. Bf4 {0-1 (33) Mba Oyone,J-Hartono,E (1612) ICCF email 2020}) 7. e5 Ng8 8. a3 {[%emt 0:00:48] White is better.} f6 9. Bd3 {[%emt 0:01:38] White is more active.} f5 (9... fxe5 $142 10. dxe5 d6) 10. O-O {[%emt 0:02:26] Threatens to win with d5.} g6 (10... Qc8 11. d5 Nd8) (10... Qc8 $142 11. d5 Nd8) 11. d5 $18 Nb8 12. Rd1 Bf8 $2 (12... Qc8 13. Be2 h5) 13. dxe6 {[%emt 0:01:39][%cal Od3f5] aiming for Bxf5! White is clearly winning.} d6 14. Ng5 Nh6 15. Bf4 {[%emt 0:07:05][%cal Oc4c5] Hoping for c5!} Nc6 16. exd6 Bxd6 17. Be2 Qe7 (17... Bxf4 $142 18. Rxd8+ Rxd8) 18. Nd5 Qg7 {[%emt 0:03:37] [#]} 19. Nxc7+ $1 Bxc7 20. Rd7 {[%emt 0:00:00][%mdl 64] Skewer, Double Attack. White took control after the opening.  Weighted Error Value: White=0.48/Black=0.83} 1-0

[Event "Canarian Championship Seniors 2022"]
[Site "Brena Baja La Palma"]
[Date "2022.06.03"]
[Round "5.1"]
[White "Martin Luis, Cesar"]
[Black "Haertl, Siegfried"]
[Result "1/2-1/2"]
[ECO "D45"]
[WhiteElo "2049"]
[BlackElo "1932"]
[Annotator "TA"]
[PlyCount "92"]
[EventDate "2022.06.01"]
[EventType "swiss"]
[EventCountry "ESP"]
[SourceTitle "playchess.com"]
[Source "ChessBase"]
[SourceQuality "1"]
[TimeControl "5400+30"]

1. d4 Nf6 2. c4 e6 3. Nf3 d5 4. Nc3 c6 5. e3 Nbd7 6. b3 Bb4 7. Bd2 O-O 8. Bd3 Re8 {[%emt 0:02:04] D45: Semi-Slav: 5 e3.} 9. O-O Bxc3 {[%emt 0:03:37] 9...dxc4 is the modern continuation.} (9... e5 $11 10. dxe5 dxc4) 10. Bxc3 $14 {[%emt 0:00:08] [#]} Ne4 $146 {[%emt 0:00:05] White is slightly better.} ({Predecessor:} 10... b6 11. Ne5 Nxe5 12. dxe5 Nd7 13. cxd5 cxd5 14. f4 Nc5 15. Bxh7+ Kxh7 16. Qh5+ Kg8 {1-0 (39) Cilia Vincenti,D (2108)-Jensen,L (2036) Budapest 2008}) 11. Bxe4 dxe4 12. Nd2 f5 13. f3 exf3 14. Qxf3 Nf6 15. e4 a5 16. Rae1 (16. a4) 16... Bd7 (16... a4) 17. h3 h6 18. Qg3 Kh7 (18... a4 $14) 19. Qd6 {[%emt 0:26:37] White is more active.} ({White should play} 19. Nf3 $16) 19... Qb8 20. Qxb8 Raxb8 21. exf5 exf5 22. Re5 b6 23. Rfe1 Kg8 24. Rxe8+ Rxe8 25. Rxe8+ Bxe8 {[%emt 0:00:18][%mdl 4096] Endgame KBN-KBN} 26. c5 bxc5 27. dxc5 {[%emt 0:00:10] And now Bxf6 would win.} Nd7 28. Bd4 Bf7 29. Nf3 a4 (29... Bd5 $11 {remains equal.}) 30. bxa4 $16 Bxa2 31. Nh4 Bb1 32. a5 {[%emt 0:01:05] Threatens to win with a6.} Nb8 (32... Bd3 $2 {[#]} 33. Nxf5 $1 Kf7 34. Kf2 $1 $18 (34. Nxg7 Nxc5 35. Bxc5 Kxg7 $16)) 33. Kf2 Kf7 {[%emt 0:00:28] The position is equal.} 34. g4 fxg4 35. hxg4 g6 36. Ke3 Ke6 37. Bg7 Kd5 38. Bxh6 Kxc5 39. Kf4 Kb5 40. Kg5 Kxa5 41. Nxg6 Nd7 42. Bg7 Nc5 43. Ne7 Kb5 44. Nf5 Ne4+ 45. Kf4 c5 46. g5 Nxg5 {[%emt 0:00:03] Weighted Error Value: White=0.11 (very precise) /Black=0.13 (very precise)} 1/2-1/2

[Event "Canarian Championship Seniors 2022"]
[Site "Brena Baja La Palma"]
[Date "2022.06.03"]
[Round "5.2"]
[White "Martin Rodriguez, Jose Carlos"]
[Black "Gutierrez Perez, Jose"]
[Result "0-1"]
[ECO "A95"]
[WhiteElo "1703"]
[BlackElo "1918"]
[Annotator "TA"]
[PlyCount "53"]
[EventDate "2022.06.01"]
[EventType "swiss"]
[EventCountry "ESP"]
[SourceTitle "playchess.com"]
[Source "ChessBase"]
[SourceQuality "1"]
[TimeControl "5400+30"]

1. d4 d5 2. c4 e6 3. Nc3 f5 4. cxd5 exd5 5. Nf3 Nf6 6. g3 c6 7. Bg2 Be7 8. O-O O-O 9. Bf4 Ne4 {[%emt 0:01:09] A95: Classical Dutch: Classical Stonewall: 7 Nc3 c6.} 10. Ne5 Nd7 11. Nd3 Bf6 {[%emt 0:01:01] [#] The position is equal.} 12. Be5 $146 ({Predecessor:} 12. Be3 Qe7 13. Qc1 Nb6 14. Nxe4 fxe4 15. Nc5 Nd7 16. b4 Nxc5 17. Qxc5 Qxc5 18. bxc5 {0-1 (50) Bleckmann,F-Stiepel,H Uelzen 1999}) 12... Qe7 13. Bxf6 Qxf6 14. e3 Re8 15. Rc1 g5 (15... Qd6) 16. b4 Kg7 (16... a6) (16... a6 $14) 17. Qh5 (17. b5 $16) 17... Re6 (17... Qe7 $14 {feels stronger.}) 18. Nxe4 (18. f4 $16) 18... dxe4 19. Nb2 Nb6 20. a4 a5 21. b5 (21. bxa5 $14 Rxa5 22. Qe2) 21... Bd7 $11 22. bxc6 Bxc6 (22... Rxc6 $11 23. g4 Rac8 24. Rxc6 Rxc6) 23. Ra1 (23. Nc4 $14 Nxa4 24. Ne5) 23... g4 {[%emt 0:09:55] And now ...Kh8 would win.} 24. h4 $2 {[%emt 0:00:57][%mdl 8192] [#] White does not recover from this.} (24. Rfc1 $11) 24... h6 $1 $19 {[%emt 0:01:35] Hoping for ...Be8. Black is clearly winning.} 25. Rfc1 Be8 26. Rc7+ Kf8 27. Qxe8+ {[%emt 0:00:16] Weighted Error Value: White=0.74/Black=0.16 (very precise)} 0-1

[Event "Canarian Championship Seniors 2022"]
[Site "Brena Baja La Palma"]
[Date "2022.06.03"]
[Round "5.3"]
[White "Gonzalez Ortega, Jose Miguel"]
[Black "Machin Arbelo, Pedro Alexis"]
[Result "0-1"]
[ECO "D03"]
[WhiteElo "1726"]
[BlackElo "1975"]
[Annotator "TA"]
[PlyCount "71"]
[EventDate "2022.06.01"]
[EventType "swiss"]
[EventCountry "ESP"]
[SourceTitle "playchess.com"]
[Source "ChessBase"]
[SourceQuality "1"]
[TimeControl "5400+30"]

1. d4 Nf6 2. Nf3 e6 3. Bg5 d5 4. e3 c5 5. c3 Nc6 6. Bd3 h6 7. Bh4 Bd6 8. Nbd2 O-O 9. O-O Re8 {[%emt 0:07:01] D03: 1 d4 d5 2 Nf3 Nf6 3 Bg5, including Torre Attack with early ...d5.} (9... b6) 10. Re1 {[%emt 0:03:02] [#]} Be7 $146 (10... b6) ({Predecessor:} 10... Bd7 11. e4 Be7 12. Bxf6 Bxf6 13. dxc5 Qc7 14. Qc2 a5 15. a4 Ne5 16. Nxe5 Bxe5 17. Nf3 {½-½ (42) Osmak,I (2392)-Socko,M (2458) Poland 2018}) 11. Bxf6 gxf6 {[%emt 0:00:55] White is slightly better.} 12. dxc5 Bxc5 13. Nd4 (13. e4) ({White should try} 13. e4 $1 $16) 13... f5 $11 14. f4 Qf6 15. Qf3 Kf8 16. Re2 Ke7 17. N2b3 {[%emt 0:00:55] Pair of Knights!} Bb6 18. a4 Kf8 19. a5 {Black must now prevent Nxc6.} Bc7 20. h3 e5 {[%emt 0:00:30] [#]} (20... a6 $11) 21. fxe5 $1 $16 Nxe5 22. Qxd5 {[%mdl 8192] [#]} Nxd3 $2 (22... Rd8 $1 $19 23. Qb5 (23. Qc5+ $2 Bd6 $19) 23... a6) 23. Nb5 $2 ({White has to play} 23. Qc4 $15) 23... Rd8 $19 24. Qc4 Bg3 {[%emt 0:00:30] Hoping for ...Be6.} 25. N3d4 Ne5 26. Qb4+ Qe7 27. Qb3 a6 28. Na3 Be6 29. Qc2 Qg5 30. Rf1 Nc6 31. Nxf5 Bxf5 32. Qxf5 Qxf5 33. Rxf5 Rd1+ 34. Rf1 Rad8 {[%emt 0:00:30] ( -> ...Rxf1+)} 35. Nc4 Rxf1+ 36. Kxf1 {Weighted Error Value: White=0.77/Black=0.32} 0-1